Map: Disco Bloodbath LE

Players

DJRUFIO - Winner!

  • Race: Terran Terran
  • Spawn Location: 3:00

Dejanigma

  • Race: Zerg Zerg
  • League: Diamond
  • Spawn Location: 9:00

VOD

Have the link to the VOD?

Description

Time

  • Played on: Oct. 5, 2019, 3:01 p.m.
  • Length: 10:26
Show
View Real Time Build Order
Export as new Build Order

DJRUFIO Terran - Winner!

Build Orders: Liberator Opening 

Get SALT Encoding   

  12  0:02  SCV  
  13  0:15  SCV  
  13  0:20  Supply Depot  
  14  0:27  Refinery  
  14  0:28  SCV  
  15  0:41  SCV  
  16  0:46  Barracks  
  16  0:56  SCV, Refinery  
  17  1:08  SCV  
  18  1:20  SCV  
  19  1:33  Orbital Command  
  19  1:34  Reaper  
  20  1:42  Factory  
  20  1:52  Supply Depot  
  20  1:59  SCV  
  21  2:12  Marine  
  21  2:14  SCV  
  23  2:25  Factory Tech Lab  
  23  2:30  Marine, Starport  
  23  2:31  SCV  
  25  2:49  Siege Tank  
  28  2:56  Marine  
  28  2:58  SCV  
  30  3:00  Liberator  
  30  3:14  Supply Depot, Marine  
  34  3:29  Siege Tank  
  34  3:32  Marine  
  38  3:38  Supply Depot  
  38  3:49  Command Center  
  37  4:14  Medivac  
  37  4:15  Barracks Tech Lab  
  39  4:20  Barracks  
  39  4:44  Medivac  
  39  5:09  Barracks  
  39  5:12  Orbital Command  
  33  5:16  Barracks Tech Lab  
  33  5:19  Medivac  
  35  5:41  SCV  
  36  5:44  SCV  
  36  5:47  Siege Tank  
  36  5:49  Medivac  
  42  5:50  Combat Shield  
  42  5:52  Concussive Shells  
  42  5:54  Marine x2, SCV  
  42  5:56  SCV  
  47  5:59  Barracks Reactor  
  46  6:06  SCV  
  47  6:12  Marine x2  
  47  6:16  SCV  
  47  6:18  SCV  
  51  6:20  Siege Tank  
  51  6:24  Starport Tech Lab  
  54  6:28  SCV  
  54  6:30  Marine x2  
  57  6:33  Engineering Bay  
  57  6:48  Marine x2  
  57  6:53  Command Center  
  59  6:58  Marine x2  
  59  7:00  SCV x2  
  59  7:01  Engineering Bay  
  63  7:03  Refinery  
  63  7:04  Refinery  
  63  7:06  Marine x2  
  65  7:08  Terran Infantry Weapons Level 1, Supply Depot  
  65  7:10  Medivac  
  65  7:12  SCV x2  
  69  7:16  Marine  
  70  7:27  Terran Infantry Armor Level 1  
  70  7:29  Marine  
  70  7:30  SCV x2  
  70  7:31  Supply Depot  
  73  7:42  Marine x2, SCV x2  
  77  7:51  Stimpack  
  77  7:53  Marauder x2  
  77  7:54  Supply Depot, SCV x2  
  83  8:06  SCV x2  
  83  8:11  Orbital Command  
  85  8:15  Marauder x2  
  85  8:18  Supply Depot, SCV x2  
  85  8:19  Siege Tank  
  94  8:24  Supply Depot  
  94  8:30  SCV x2  
  94  8:34  Marine x2  
  97  8:35  Marine x2  
  100  8:42  Supply Depot  
  100  8:51  Siege Tank, Marine  
  100  8:52  Marine  
  100  8:53  Marine x2  
  103  9:28  Siege Tank  
  103  9:29  Marine x3  
  103  9:30  Marine  
  103  9:47  Marine x4  
  103  10:05  Marine x4  
Show
View Real Time Build Order
Export as new Build Order

Dejanigma Zerg 

Build Orders: Hatch First 

Get SALT Encoding   

  12  0:01  Drone  
  13  0:12  Overlord  
  13  0:16  Drone  
  14  0:31  Drone x2  
  16  0:49  Hatchery  
  15  0:52  Drone  
  16  1:04  Extractor  
  16  1:08  Spawning Pool  
  16  1:10  Drone  
  15  1:15  Drone  
  16  1:19  Drone  
  17  1:27  Drone  
  18  1:34  Overlord  
  18  1:54  Queen  
  18  1:57  Zergling x4  
  22  2:04  Metabolic Boost  
  22  2:06  Queen  
  24  2:10  Drone  
  25  2:17  Drone  
  26  2:32  Drone x2  
  26  2:33  Drone  
  29  2:42  Queen  
  31  2:54  Drone x2  
  31  2:56  Roach Warren  
  32  3:12  Hatchery  
  31  3:14  Drone  
  32  3:21  Overlord  
  32  3:27  Zergling x4  
  32  3:30  Drone x2  
  32  3:33  Overlord  
  36  3:43  Evolution Chamber  
  35  4:20  Overlord  
  35  4:23  Roach x3  
  35  4:24  Roach x4  
  47  4:25  Overlord  
  47  4:26  Overlord  
  47  4:30  Baneling Nest  
  48  4:31  Queen  
  50  4:45  Ravager x2  
  52  4:46  Zergling x8  
  52  5:13  Zergling x6  
  52  5:14  Drone x2, Zergling x2  
  54  5:15  Drone x2  
  54  5:18  Queen  
  60  5:29  Spore Crawler, Drone x3  
  62  5:37  Lair  
  62  5:40  Drone  
  63  5:53  Drone x2  
  65  6:04  Overlord  
  65  6:05  Overlord  
  65  6:08  Extractor  
  64  6:12  Evolution Chamber, Queen  
  65  6:20  Spore Crawler  
  65  6:23  Spore Crawler, Drone x3  
  66  6:28  Drone x5  
  71  6:44  Roach  
  71  6:45  Roach x5  
  82  6:57  Overlord  
  82  7:01  Extractor  
  82  7:07  Spore Crawler, Queen  
  82  7:10  Glial Reconstitution  
  82  7:13  Overlord  
  82  7:15  Queen  
  84  7:18  Roach x2  
  84  7:19  Zergling x4  
  89  7:45  Zerg Missile Weapons Level 1  
  89  7:52  Drone x2  
  89  7:53  Drone x5, Extractor  
  89  7:54  Overlord  
  89  7:55  Overlord x2  
  89  7:57  Ravager  
  94  8:12  Drone x3  
  94  8:13  Drone x4  
  98  8:27  Pneumatized Carapace  
  98  8:29  Roach x5  
  98  8:30  Roach  
  98  8:33  Queen  
  112  8:48  Overlord  
  112  8:50  Drone x9  
  112  8:55  Extractor  
  120  8:56  Extractor  
  120  8:57  Spore Crawler  
  120  9:01  Spore Crawler  
  117  9:04  Centrifical Hooks  
  103  9:18  Zergling x2, Roach  
  103  9:19  Zergling x8, Roach x5  
  103  9:23  Ravager  
  120  9:24  Ravager  
  118  9:38  Zergling x6, Roach x4  
  87  9:54  Zergling x4, Roach x2  
  87  9:55  Zergling x2, Roach  
Tags
 
Add a new tag
Caveats
  • Supply blocks, unpowered buildings, or Contaminate may cause inaccurate times.
  • Supply counts are checked every 10 seconds.